 Dungeon Crawl Stone Soup version 0.29.1-1-gd02db6906a (webtiles) character file.

Game seed: 2047373362116888339

28 xian the Charlatan (level 3, -2/24 HPs)
             Began as a Formicid Wanderer on Oct 7, 2022.
             Slain by a gnoll
             ... wielding a +0 spear
              (4 damage)
             ... on level 2 of the Dungeon.
             The game lasted 00:02:34 (1083 turns).

xian the Charlatan (Formicid Wanderer)              Turns: 1083, Time: 00:02:35

Health: -2/24      AC:  6    Str: 16    XL:     3   Next: 27%
Magic:  4/4        EV: 10    Int: 14    God:
Gold:   114        SH:  0    Dex: 12    Spells: 3/4 levels left

rFire   . . .      SeeInvis +   a - +0 quarterstaff (vorpal)
rCold   . . .      Faith    .   (no shield)
rNeg    . . .      Spirit   .   h - +0 ring mail {rPois}
rPois   +          Reflect  .   (helmet unavailable)
rElec   .          Harm     .   (no cloak)
rCorr   .          Rampage  .   e - +0 pair of gloves
Will    .....                   (no boots)
Stlth   +.........              (no amulet)
HPRegen 0.08/turn               (no ring)
MPRegen 0.09/turn               (no ring)

@: no status effects
A: permanent stasis, dig shafts and tunnels, antennae 3, four strong arms
a: Dig, Shaft Self


You were on level 2 of the Dungeon.
You visited 1 branch of the dungeon, and saw 2 of its levels.

You collected 114 gold pieces.

Inventory:

Hand Weapons
 a - a +0 vorpal quarterstaff (weapon)
Missiles
 g - 12 stones
 p - 4 javelins
Armour
 d - a +0 robe
 e - a +0 pair of gloves (worn)
 h - a +0 ring mail of poison resistance (worn)
Wands
 b - a wand of flame (4)
Scrolls
 f - a scroll of fear {unknown}
 i - a scroll of brand weapon {unknown}
 k - a scroll of enchant weapon {unknown}
 n - a scroll of vulnerability {unknown}
 o - a scroll of teleportation {unknown}
 q - 2 scrolls of identify {unknown}
Potions
 c - a potion of curing
 j - 2 potions of lignification {unknown}
 l - a potion of magic {unknown}
 m - 2 potions of attraction {unknown}
 r - a potion of flight {unknown}


   Skills:
 + Level 3.4 Staves
 + Level 0.6 Armour
 + Level 0.2 Dodging
 + Level 1.2 Stealth
 + Level 1.1 Spellcasting
 + Level 2.1 Summonings
 + Level 3.8 Evocations


You had 3 spell levels left.
You knew the following spells:

 Your Spells              Type           Power      Damage    Failure   Level
a - Summon Small Mammal   Summ           24%        N/A       22%         1

Your spell library contained the following spells:

 Spells                   Type           Power      Damage    Failure   Level
 Call Canine Familiar     Summ           6%         N/A       54%         3
 Scorch                   Fire           0%         2d5       58%         2
 Flame Wave               Conj/Fire      0%         2d4       99%         4
 Summon Cactus Giant      Summ           3%         N/A       100%        6


Dungeon Overview and Level Annotations

Branches:
Dungeon (2/15)

Altars:

Shops:
D:1 *![

Annotations:
D:1 Dragon scales and antiques


Innate Abilities, Weirdness & Mutations

You cannot be hasted, slowed, berserked, paralysed or teleported.
You can dig through walls and to a lower floor.
You have a pair of large antennae on your head. (SInv)
Your four strong arms can wield two-handed weapons with a shield.


Message History

The gnoll closely misses you.
You hit the gnoll.
The gnoll is moderately wounded.
The gnoll hits you with a +0 spear.
You hit the gnoll.
The gnoll is heavily wounded.
The gnoll completely misses you.
You closely miss the gnoll.
The gnoll is heavily wounded.
You barely miss the gnoll.
The gnoll hits you from afar with a +0 spear.
You hit the gnoll.
The gnoll is lightly wounded.
The gnoll hits you from afar with a +0 spear.
The gnoll closely misses you.
You barely miss the gnoll.
The gnoll is lightly wounded.
An endoplasm comes into view.
The gnoll hits you from afar with a +0 spear.
The gnoll barely misses you.
Unknown command.
The endoplasm quivers.
You hit the gnoll but do no damage.
The gnoll is lightly wounded.
The gnoll misses you. The gnoll hits you with a +0 whip.
* * * LOW HITPOINT WARNING * * *
You hit the gnoll but do no damage.
The gnoll is lightly wounded.
The gnoll hits you from afar with a +0 spear.
* * * LOW HITPOINT WARNING * * *
The gnoll hits you but does no damage. The gnoll barely misses you. x2
You hit the gnoll.
The gnoll is heavily wounded.
The gnoll hits you with a +0 whip.
* * * LOW HITPOINT WARNING * * *
The gnoll hits you but does no damage.
You hit the gnoll but do no damage.
The gnoll is heavily wounded.
The gnoll hits you from afar with a +0 spear.
You die...

#.# #.# #.# #.# #.#
#.# #.#####.########
###.......@ggggJ..
..#######.########
#.# #.# #.# #.#
###.#######.########
#........)..........
#.#.###.############
#.#.....# #.#######


You could see 3 gnolls, an endoplasm and a hobgoblin.

Vanquished Creatures
  An adder (D:2)
  A bat (D:1)
  3 giant cockroaches (D:1)
  2 hobgoblins
  A quokka (D:1)
  2 ball pythons (D:1)
  2 frilled lizards
  2 kobolds
  7 rats (D:1)
21 creatures vanquished.

Notes
Turn   | Place    | Note
-------+----------+-------------------------------------------
     0 | D:1      | xian the Formicid Wanderer began the quest for the Orb.
     0 | D:1      | xian set off with the following items: a +0 vorpal
                  | quarterstaff, a wand of flame (4), a potion of curing, a +0
                  | robe; and the following spell memorised: Summon Small
                  | Mammal; and the following spells available to memorise:
                  | Call Canine Familiar.
     0 | D:1      | Reached XP level 1. HP: 13/13 MP: 2/2
    99 | D:1      | Found Niff's Antique Armour Shop.
   305 | D:1      | Reached XP level 2. HP: 14/19 MP: 3/3
   696 | D:1      | Found Kompeol's Assorted Antiques.
   828 | D:1      | Found Qefete's Distillery.
  1025 | D:2      | Reached XP level 3. HP: 22/24 MP: 4/4
  1083 | D:2      | Slain by a gnoll

Illustrated notes

Levels and vault maps discovered:
D:1:      dpeg_arrival_ratfight, layout_basic, serial_shops,
          nicolae_shop_hallway_plus, shop, nicolae_shop_stone
D:2:      layout_loops_ring, shapermc_ecumenical_altar_rom_forum, serial_shops,
          nicolae_diamond_shop, minmay_shallow_snake_nest, uniq_natasha,
          uniq_jessica, uniq_terence

Action                   || total
-------------------------++-------
Melee: Quarterstaff      ||    53
       Punch             ||     1
Armor: Ring mail         ||    11
Dodge: Dodged            ||    31
